AoeStats
← WynGoyo

Nomad

503445635Analyzed
2v2 RM · 1mo ago on Aug 31, 2026· 31m 22s· 4 players
Game mode
Random Map
Map size
176×176
Population
200
Speed
Normal
Resources
Standard
Victory
Conquest
Starting age
Dark Age
Ending age
Imperial Age
RankedLock teamsTeams togetherTeam positionsShared explorationLock speedFull tech treeHidden civsTurbo modeCheats
Victory
Defeat
🇨🇿 Gurjaras · Czechia
680
+8
🇷🇺 Vikings · Russia
666
+9
🇪🇸 Franks · Spain
504
-9
🇪🇸 Spanish · Spain
494
-8
Joze
16:36 Feudal Age
16:12 Loom
18:00 Gold Mining
18:54 Double-Bit Axe
20:23 Wheelbarrow
20:29 Horse Collar
26:07 Scale Mail Armor
26:22 Forging
26:12 Fletching
26:29 Scale Barding Armor
26:24 Padded Archer Armor
28:12 Stone Mining
30:35 Castle Age
WynGoyo
20:50 Feudal Age
22:14 Wheelbarrow
24:38 Double-Bit Axe
29:59 Castle Age
SHAMAHAN_2.0
4:23 Loom
8:50 Loom
15:08 Feudal Age
16:09 Horse Collar
16:42 Double-Bit Axe
23:15 Castle Age
26:14 Scale Barding Armor
26:12 Gold Mining
27:06 Heavy Plow
27:41 Fishing Lines
28:58 Husbandry
29:46 Chain Barding Armor
31:32 Fletching
31:43 Padded Archer Armor
Nikki
16:10 Feudal Age
16:22 Man-at-Arms
16:49 Arson
17:31 Horse Collar
20:26 Scale Mail Armor
20:37 Forging
26:37 Castle Age
25:07 Double-Bit Axe
27:32 Long Swordsman
27:58 Gambesons
Connection lost

Rejoining the realm…

Still unreachable

The connection could not be restored.

Session expired

The server has moved on; the page needs a fresh start.